Thistle, neutral female sylph Wizard ------ ---------- --------------- ------------- |....| |........| |.............| |...........| ##-....| #.........| |..............#################............-######--.--- ###|........| |.............| ------.-+---- ### #### # |........| --------......| ###### # # # ---.------ |......| ### # # ### % # ---|---- # ## # # # # ##### ########## --.--# -------.-# ### # #-.---- |*..|# |.......|# # ### ##-....| |.|..# |........# --.---- ## # ##|....| |...| |.......| |.....| -.--- ## ####|....| |...| |.......|######..---.| |...-############## #### ------ |...| ---------# |.| |.| |..<| #---------+------# |...| ########### |.| |.| |.... |f..>.......{fa.# ----- ########### |.---.| ----- |%..........%@a| |.....| ---------------- ------- Thistle the Thaumaturge Experience level: 9 Strength: 14 Dexterity: 14 Constitution: 16 Intelligence: 17 Wisdom: 16 Charisma: 6 Health: 0(69) Energy: 71(91) Def: 1 Gold: 1443 Moves: 16903 Dungeon seed: 3fz39GxYYDP-eltK Game ID: Thistle_1487282604 Your Inventory: Coins $ - 1443 gold pieces Amulets I - an uncursed amulet of reflection Weapons a - a blessed +1 quarterstaff (alternate weapon; not wielded) m - a +5 orcish dagger named Dagger of Integrity (weapon in hand) N - a +0 elven dagger O - a cursed -1 elven dagger P - a cursed -2 elven dagger Armor e - an uncursed +0 cloak of magic resistance (being worn) Comestibles i - 11 uncursed lichen corpses j - 2 uncursed tripe rations l - 4 uncursed fortune cookies w - 4 cursed food rations Scrolls b - an uncursed scroll of water g - an uncursed scroll of enchant armor p - a cursed scroll of confuse monster A - a blessed scroll of identify W - 2 uncursed scrolls of magic mapping Potions c - a cursed potion of booze f - an uncursed potion of sleeping o - an uncursed potion of monster detection x - a blessed potion of invisibility C - an uncursed potion of sickness Wands d - a wand of make invisible (0:7) F - a wand of digging (0:5) V - a wand of polymorph (0:0) X - a wand of magic missile (0:5) Z - a wand of undead turning (0:0) Tools q - an uncursed stethoscope K - an uncursed towel Gems n - an uncursed amber r - an uncursed aquamarine s - 3 uncursed worthless pieces of yellowish brown glass t - 3 uncursed worthless pieces of violet glass u - 3 uncursed worthless pieces of black glass v - 4 uncursed worthless pieces of white glass y - an uncursed worthless piece of yellow glass z - 2 uncursed obsidians Spells and supernatural/magical abilities: Name Level Category Fail Memory a - force bolt 1 attack 0% 16% c - cause fear 3 enchantment 0% 93% i - invisibility 4 escape 61% 61% l - light 1 divination 0% 97% m - magic missile 2 attack 0% 60% z - sleep 2 enchantment 0% 62% H - haste self 3 escape 0% 16% L - levitation 4 escape 61% 98% P - polymorph 6 matter 100% 97% T - turn undead 4 clerical 100% 99% W - pray for help -- divine ? -- Your skills at the end: Miscellaneous Skills wands [Basic] Weapon Skills dagger [Basic] quarterstaff [Basic] Spellcasting Skills attack spells [Basic] enchantment spells [Basic] escape spells [Basic] Final Attributes: You were piously aligned. You were cold resistant. You were poison resistant. You were magic-protected. Your writing hand was cramped from overuse. You saw invisible. You had infravision. You were displaced. You were very stealthy. You were protected from shape changers. Thoth was angry with you. You are dead. Vanquished creatures: a titan a black pudding 2 giant mimics a large mimic a stalker a quantum mechanic 3 small mimics a large dog a freezing sphere 4 giants an incubus 2 giant beetles a mumak a giant spider a gnome king an orc mummy 2 Green-elves 3 piranhas a dog 3 dingos a blue jelly a dust vortex a raven a gnome mummy 4 Woodland-elves 2 apes a human zombie a rope golem a yellow light 2 bugbears a baby crocodile a wood nymph 3 Mordor orcs an Uruk-hai a rock mole 2 ponies 3 fog clouds 2 shriekers a violet fungus 2 gnome lords 2 gnomish wizards 2 kobold mummies a red naga hatchling a gray ooze 4 elf zombies a ghoul 2 giant ants 2 puppies 9 floating eyes 2 kittens 7 dwarves 2 homunculi 2 kobold lords 5 kobold shamans 7 iguanas 4 hill orcs a rabid rat a centipede 6 jitterbugs a giant bat an orc zombie 2 wererats a werejackal 5 killer bees 3 coyotes 2 gas spores 8 hobbits 5 acid blobs 3 large kobolds 8 geckos 7 hobgoblins 8 giant rats 3 cave spiders a brown mold 5 yellow molds a green mold 13 gnomes 12 garter snakes 3 manes 33 jackals 3 foxes 7 kobolds 22 newts 9 goblins 9 sewer rats 13 grid bugs a bat 21 lichens 7 kobold zombies 342 creatures vanquished. Voluntary challenges: You were vegetarian. You did not eat until turn 2821. You had followed a strict vegan diet until turn 11898. You did not cause conflict. You were not invisible. You did not have reflection until turn 13881. You used a wielded weapon 264 times, starting on turn 53. You did not apply a unicorn horn. You did not use plumbed fixtures. You did not drink any magical draughts. You read items or engraved 118 times, starting on turn 8840. You never genocided any monsters. You never polymorphed an object. You never changed form. You cheated 1 time but completed Sokoban on turn 13782. You used no wishes. You never split a pudding. You wrote Elbereth's name 4 times, starting on turn 12033. You never violated your personal moral code. Dungeon overview: The Dungeons of Doom: levels 1 to 14 Level 1 some fountains a long staircase Level 2 stairs to The Gnomish Mines Level 3 Level 4 some altars to Thoth, some fountains, a sink Level 5 many fountains Level 6 stairs to Sokoban Level 7 a fountain Level 8 a fountain Level 9 Level 10 Level 11 Level 12 Level 13 a bookstore Level 14 <- You were here a fountain The Gnomish Mines: levels 3 to 5 Level 3 stairs to The Dungeons of Doom Level 4 Level 5 many shops, a temple to Ptah, a magic chest, some fountains Sokoban: levels 2 to 5 Level 2 a magic chest Level 3 a sink Level 4 Level 5 a magic chest stairs to The Dungeons of Doom History has recorded: On T:1 you entered the Dungeons of Doom to retrieve the Amulet of Yendor! On T:840 you prayed to Thoth. On T:1646 you advanced to experience level 2. On T:1784 you prayed to Thoth. On T:1886 you advanced to experience level 3. On T:2701 you prayed to Thoth. On T:2746 you advanced to experience level 4. On T:3616 you prayed to Thoth. On T:4577 you prayed to Thoth. On T:5513 you prayed to Thoth. On T:5661 you advanced to experience level 5. On T:6365 you prayed to Thoth. On T:7277 you prayed to Thoth. On T:7574 you reached level 2 of The Dungeons of Doom. On T:7675 you reached level 3 of The Dungeons of Doom. On T:7878 you reached level 1 of The Gnomish Mines. On T:7963 you advanced to experience level 6. On T:8037 you prayed to Thoth. On T:8192 you reached level 2 of The Gnomish Mines. On T:8390 you reached level 3 of The Gnomish Mines. On T:8654 you entered the Minetown temple On T:8814 you prayed to Thoth. On T:8839 you opened a magic chest. On T:9323 you advanced to experience level 7. On T:9599 you prayed to Thoth. On T:9724 you reached level 4 of The Dungeons of Doom. On T:9804 you reached level 5 of The Dungeons of Doom. On T:10174 you reached level 6 of The Dungeons of Doom. On T:10184 you reached level 7 of The Dungeons of Doom. On T:10373 you prayed to Thoth. On T:10537 you reached level 4 of Sokoban. On T:10888 you reached level 3 of Sokoban. On T:11615 you prayed to Thoth. On T:11875 you reached level 2 of Sokoban. On T:12528 you prayed to Thoth. On T:12550 you reached level 1 of Sokoban. On T:12665 you advanced to experience level 8. On T:13682 you prayed to Thoth. On T:13782 you entered the Sokoban zoo. On T:14371 you prayed to Thoth. On T:14801 you prayed to Thoth. On T:15084 you reached level 8 of The Dungeons of Doom. On T:15311 you reached level 9 of The Dungeons of Doom. On T:15445 you reached level 10 of The Dungeons of Doom. On T:15549 you reached level 11 of The Dungeons of Doom. On T:15831 you reached level 12 of The Dungeons of Doom. On T:15901 you reached level 13 of The Dungeons of Doom. On T:16033 you advanced to experience level 9. On T:16619 you reached level 14 of The Dungeons of Doom. Score breakdown: Gold: 1443 ( 144 points) Experience: 9 levels ( 800 points) Exploration: 14 levels ( 390 points) Discoveries: 50 items ( 2000 points) Variety of kills: 89 monsters ( 2000 points) Major goal: finished Sokoban ( 1000 points) Survival: died (score multiplied by 3) Total score: 19002 Latest messages: The magic missile hits the giant spider! The giant spider bites! The giant spider moves its spinnerets around you. The giant spider bites! The giant spider moves its spinnerets around you. The giant spider bites! The giant spider moves its spinnerets around you. Status of the giant spider (neutral): Level 6 HP 12(28) Def 6. You kill the giant spider! The large cat misses the soldier ant. The soldier ant bites! The soldier ant stings! The large cat bites the soldier ant. The soldier ant bites the large cat. The soldier ant misses the large cat. The soldier ant bites! The soldier ant stings! The soldier ant bites! The soldier ant stings! You die... Final status: Goodbye Thistle the Wizard, killed by a soldier ant... You died in The Dungeons of Doom on dungeon level 14 with 19002 points, and 1443 pieces of gold, after 16903 moves. You were level 9 with a maximum of 69 hit points when you died.